General information
- name: BNet
- type: Ladder team game (AT/RT)
- host: Battle.net
- saver: angel-legna
map: UpperKingdom
- players: 6
- length: 30:22
- speed: Fast
- version: 1.26 W3XP
- replay type: Public
» download(202 KB)
Players
team 1 (loser)

»
ZEUS2012 (
pink | 46 APM | 1391 actions | 30:18)
6 Archmage
1 Summon Water Elemental
2 Brilliance Aura
2 Blizzard
1 Mass Teleport
5 Paladin
3 Holy Light
2 Divine Shield
» actions
| Assign group hotkey | 65 | |
| Build / train | 104 | |
| ESC pressed | 1 | |
| Enter build submenu | 18 | |
| Enter hero's abilities submenu | 11 | |
| Right click | 407 | |
| Select / deselect | 345 | |
| Select group hotkey | 355 | |
| Use ability | 85 | |
1391 total
» units
| Peasant | 18 | |
| Rifleman | 8 | |
| Mortar Team | 12 | |
| Siege Engine | 20 | |
| Gryphon Rider | 12 | |
70 total
» upgrades
| Long Rifles | 1 | |
| Lumber Harvesting | 2 | |
| Barrage | 1 | |
| Gunpowder | 2 | |
| Armor | 1 | |
| Masonry | 1 | |
| Fragmentation Shards | 1 | |
| Storm Hammers | 1 | |
| Swords | 1 | |
| Plating | 1 | |
12 total
» buildings
| Altar of Kings | 1 | |
| Farm | 12 | |
| Arcane Vault | 1 | |
| Blacksmith | 1 | |
| Lumber Mill | 1 | |
| Barracks | 1 | |
| Keep | 1 | |
| Town Hall | 1 | |
| Workshop | 4 | |
| Castle | 1 | |
| Gryphon Aviary | 4 | |
28 total
» build order
00:05 Altar of Kings
00:08 Farm
00:51 Arcane Vault
01:17 Blacksmith
01:36 Lumber Mill
01:59 Barracks
02:07 Farm
02:08 Farm
02:09 Farm
04:29 Keep
05:58 Farm
05:59 Farm
06:38 Town Hall
07:34 Workshop
08:13 Castle
10:40 Farm
10:41 Farm
12:16 Workshop
15:02 Workshop
15:03 Workshop
21:54 Gryphon Aviary
21:54 Gryphon Aviary
21:55 Gryphon Aviary
22:23 Gryphon Aviary
26:03 Farm
26:03 Farm
26:04 Farm
» items
| Lesser Clarity Potion | 1 | |
| Mechanical Critter | 2 | |
| Scroll of Town Portal | 4 | |
7 total

»
FrEEsTyLeR21 (
orange | 85 APM | 2580 actions | 30:14)
6 Tauren Chieftain
2 War Stomp
3 Endurance Aura
1 Reincarnation
6 Shadow Hunter
3 Healing Wave
2 Serpent Ward
1 Big Bad Voodoo
» actions
| Assign group hotkey | 62 | |
| Build / train | 91 | |
| Enter build submenu | 18 | |
| Enter hero's abilities submenu | 12 | |
| Give item / drop item | 2 | |
| Remove unit from queue | 5 | |
| Right click | 878 | |
| Select / deselect | 407 | |
| Select group hotkey | 966 | |
| Use ability | 139 | |
2580 total
» units
| Peon | 8 | |
| Troll Headhunter/Berserker | 28 | |
| Troll Witch Doctor | 14 | |
| Shaman | 1 | |
| Spirit Walker | 3 | |
54 total
» upgrades
| Ranged Weapons | 4 | |
| Witch Doctor Training | 2 | |
| Troll Regeneration | 1 | |
| Berserker Upgrade | 1 | |
| Armor | 2 | |
10 total
» buildings
| Altar of Storms | 1 | |
| Orc Burrow | 7 | |
| War Mill | 1 | |
| Barracks | 1 | |
| Voodoo Lounge | 1 | |
| Stronghold | 1 | |
| Fortress | 2 | |
| Spirit Lodge | 4 | |
| Great Hall | 2 | |
20 total
» build order
00:06 Altar of Storms
00:08 Orc Burrow
01:07 War Mill
01:19 Barracks
01:56 Orc Burrow
03:28 Voodoo Lounge
03:51 Stronghold
04:54 Orc Burrow
06:35 Fortress
06:36 Fortress
06:46 Spirit Lodge
07:18 Orc Burrow
10:33 Orc Burrow
17:52 Spirit Lodge
17:56 Spirit Lodge
18:02 Spirit Lodge
18:52 Orc Burrow
18:54 Orc Burrow
26:39 Great Hall
29:03 Great Hall
» items
| Scroll of Town Portal | 3 | |
| Orb of Lightning | 1 | |
| Scroll of Speed | 1 | |
| Potion of Mana | 1 | |
6 total
Speight (
yellow | 57 APM | 1735 actions | 30:21)
6 Death Knight
2 Death Coil
3 Unholy Aura
1 Animate Dead
3 Crypt Lord
2 Impale
1 Spiked Carapace
» actions
| Assign group hotkey | 59 | |
| Build / train | 110 | |
| Enter build submenu | 19 | |
| Enter hero's abilities submenu | 9 | |
| Remove unit from queue | 3 | |
| Right click | 506 | |
| Select / deselect | 363 | |
| Select group hotkey | 592 | |
| Use ability | 74 | |
1735 total
» units
| Acolyte | 8 | |
| Ghoul | 9 | |
| Crypt Fiend | 19 | |
| Abomination | 18 | |
| Necromancer | 8 | |
62 total
» upgrades
| Unholy Strength | 3 | |
| Unholy Armor | 3 | |
| Web | 1 | |
| Creature Attack | 2 | |
| Ghoul Frenzy | 1 | |
| Creature Carapace | 2 | |
| Necromancer Training | 2 | |
| Skeletal Longevity | 1 | |
| Skeletal Mastery | 1 | |
| Disease Cloud | 1 | |
17 total
» buildings
| Ziggurat | 8 | |
| Altar of Darkness | 1 | |
| Crypt | 1 | |
| Graveyard | 1 | |
| Tomb of Relics | 1 | |
| Nerubian Tower | 2 | |
| Spirit Tower | 3 | |
| Halls of the Dead | 1 | |
| Necropolis | 1 | |
| Black Citadel | 1 | |
| Slaughterhouse | 2 | |
| Temple of the Damned | 1 | |
| Sacrificial Pit | 1 | |
24 total
» build order
00:16 Ziggurat
00:22 Altar of Darkness
00:30 Crypt
00:54 Graveyard
01:17 Ziggurat
01:43 Tomb of Relics
02:18 Nerubian Tower
02:53 Spirit Tower
04:14 Halls of the Dead
04:53 Ziggurat
05:40 Necropolis
08:58 Black Citadel
09:03 Slaughterhouse
09:40 Slaughterhouse
09:55 Ziggurat
09:59 Ziggurat
10:08 Temple of the Damned
10:29 Ziggurat
10:32 Ziggurat
10:34 Ziggurat
17:26 Sacrificial Pit
18:06 Spirit Tower
18:07 Spirit Tower
18:09 Nerubian Tower
» items
| Scroll of Town Portal | 6 | |
| Orb of Corruption | 1 | |
| Potion of Healing | 3 | |
10 total
team 2 (winner)
WDupECzkE (
teal | 66 APM | 2001 actions | 30:22)
7 Death Knight
3 Death Coil
3 Unholy Aura
1 Animate Dead
6 Lich
3 Frost Nova
2 Dark Ritual
1 Death and Decay
4 Crypt Lord
2 Impale
2 Spiked Carapace
» actions
| Assign group hotkey | 62 | |
| Build / train | 70 | |
| Enter build submenu | 20 | |
| Enter hero's abilities submenu | 17 | |
| Give item / drop item | 2 | |
| Remove unit from queue | 3 | |
| Right click | 623 | |
| Select / deselect | 340 | |
| Select group hotkey | 740 | |
| Use ability | 123 | |
2001 total
» units
| Acolyte | 3 | |
| Ghoul | 4 | |
| Crypt Fiend | 7 | |
| Frost Wyrm | 13 | |
| Abomination | 1 | |
28 total
» upgrades
| Burrow | 1 | |
| Web | 1 | |
| Freezing Breath | 1 | |
| Destroyer Form | 1 | |
4 total
» buildings
| Crypt | 1 | |
| Graveyard | 1 | |
| Altar of Darkness | 1 | |
| Ziggurat | 7 | |
| Tomb of Relics | 1 | |
| Halls of the Dead | 1 | |
| Black Citadel | 1 | |
| Sacrificial Pit | 1 | |
| Boneyard | 2 | |
| Slaughterhouse | 1 | |
17 total
» build order
00:08 Crypt
00:19 Graveyard
00:37 Altar of Darkness
00:59 Ziggurat
01:23 Ziggurat
01:32 Tomb of Relics
03:46 Halls of the Dead
04:35 Ziggurat
04:39 Ziggurat
06:14 Black Citadel
07:24 Sacrificial Pit
09:38 Boneyard
09:40 Boneyard
10:48 Ziggurat
12:31 Ziggurat
13:03 Ziggurat
17:02 Slaughterhouse
» items
| Rod of Necromancy | 4 | |
| Dust of Appearance | 1 | |
| Orb of Corruption | 1 | |
| Scroll of Town Portal | 6 | |
| Potion of Healing | 1 | |
13 total

»
angel-legna (
purple | 118 APM | 3570 actions | 30:22)
7 Demon Hunter
3 Mana Burn
3 Evasion
1 Metamorphosis
6 Priestess of the Moon
3 Trueshot Aura
2 Scout
1 Starfall
5 Naga Sea Witch
3 Frost Arrows
2 Forked Lightning
» actions
| Assign group hotkey | 89 | |
| Basic commands | 18 | |
| Build / train | 108 | |
| ESC pressed | 6 | |
| Enter build submenu | 37 | |
| Enter hero's abilities submenu | 19 | |
| Give item / drop item | 3 | |
| Right click | 1038 | |
| Select / deselect | 1115 | |
| Select group hotkey | 889 | |
| Use ability | 248 | |
3570 total
» units
| Wisp | 41 | |
| Archer | 5 | |
| Dryad | 5 | |
| Druid of the Claw | 15 | |
66 total
» upgrades
| Abolish Magic | 1 | |
| Druid of the Claw Training | 2 | |
| Mark of the Claw | 1 | |
| Strength of the Wild | 2 | |
| Reinforced Hides | 2 | |
| Ultravision | 1 | |
9 total
» buildings
| Altar of Elders | 1 | |
| Moon Well | 15 | |
| Ancient of War | 1 | |
| Tree of Life | 3 | |
| Tree of Ages | 1 | |
| Hunter's Hall | 1 | |
| Ancient of Wonders | 3 | |
| Ancient of Lore | 6 | |
| Tree of Eternity | 1 | |
| Ancient of Wind | 1 | |
33 total
» build order
00:06 Altar of Elders
00:19 Moon Well
00:28 Ancient of War
01:36 Moon Well
03:18 Tree of Life
03:51 Tree of Ages
04:17 Moon Well
05:27 Hunter's Hall
05:31 Ancient of Wonders
06:38 Ancient of Lore
06:40 Ancient of Lore
07:16 Tree of Eternity
08:10 Tree of Life
08:29 Moon Well
08:30 Moon Well
10:09 Moon Well
11:10 Ancient of Lore
11:11 Moon Well
11:16 Ancient of Lore
12:02 Ancient of Lore
12:33 Moon Well
15:10 Ancient of Lore
16:54 Ancient of Wonders
16:57 Ancient of Wind
17:58 Moon Well
17:59 Moon Well
18:02 Ancient of Wonders
18:03 Moon Well
19:00 Moon Well
21:18 Tree of Life
22:27 Moon Well
22:28 Moon Well
27:31 Moon Well
» items
| Staff of Preservation | 1 | |
| Scroll of Town Portal | 4 | |
| Orb of Corruption | 1 | |
| Scroll of Healing | 1 | |
| Lesser Clarity Potion | 2 | |
| Orb of Venom | 1 | |
10 total
SeotaS (
red | 53 APM | 1613 actions | 30:22)
6 Blademaster
3 Wind Walk
2 Critical Strike
1 Bladestorm
» actions
| Assign group hotkey | 121 | |
| Basic commands | 42 | |
| Build / train | 122 | |
| Enter build submenu | 26 | |
| Enter hero's abilities submenu | 6 | |
| Give item / drop item | 1 | |
| Remove unit from queue | 8 | |
| Right click | 582 | |
| Select / deselect | 265 | |
| Select group hotkey | 364 | |
| Use ability | 76 | |
1613 total
» units
| Peon | 20 | |
| Troll Headhunter/Berserker | 31 | |
| Wind Rider | 6 | |
| Shaman | 28 | |
| Tauren | 6 | |
91 total
» upgrades
| Pillage | 1 | |
| Troll Regeneration | 1 | |
| Ranged Weapons | 1 | |
| Berserker Upgrade | 1 | |
| Shaman Training | 2 | |
| Envenomed Spears | 1 | |
| Pulverize | 1 | |
8 total
» buildings
| Orc Burrow | 12 | |
| Altar of Storms | 2 | |
| War Mill | 2 | |
| Barracks | 2 | |
| Stronghold | 2 | |
| Great Hall | 1 | |
| Beastiary | 2 | |
| Fortress | 1 | |
| Voodoo Lounge | 1 | |
| Spirit Lodge | 1 | |
| Tauren Totem | 1 | |
27 total
» build order
00:22 Orc Burrow
00:37 Altar of Storms
01:03 War Mill
01:34 Barracks
01:41 War Mill
02:15 Orc Burrow
04:00 Stronghold
04:13 Orc Burrow
05:06 Great Hall
05:15 Orc Burrow
06:23 Orc Burrow
06:34 Beastiary
06:36 Beastiary
08:24 Fortress
10:07 Voodoo Lounge
10:14 Orc Burrow
10:20 Spirit Lodge
12:27 Orc Burrow
14:17 Tauren Totem
15:18 Orc Burrow
21:16 Orc Burrow
21:28 Altar of Storms
22:12 Barracks
22:48 Orc Burrow
27:26 Stronghold
28:51 Orc Burrow
28:57 Orc Burrow
» items
| Scroll of Town Portal | 1 | |
| Scroll of Speed | 2 | |
| Potion of Healing | 1 | |
| Orb of Lightning | 1 | |
5 total
Chat log
(00:08 / Allies) angel-legna: hi
(00:08 / Allies) SeotaS: siema wdupeczke;d
(00:11 / Allies) SeotaS: hi
(00:24 / Allies) WDupECzkE: hi
(01:09 / Allies) angel-legna: creep together teal?
(01:14 / Allies) WDupECzkE: ok
(02:57 / Allies) angel-legna: go
(02:59 / Allies) SeotaS: wood
(03:00 / Allies) SeotaS: 200
(03:08 / Allies) angel-legna: make peasants?
(03:59 / Allies) angel-legna: red u takE/
(04:09 / Allies) angel-legna: or teal
(04:45 / Allies) angel-legna: who take??
(04:49 / Allies) SeotaS: i
(06:03 / Allies) angel-legna: me potm 2nd for aura
(06:41 / Allies) SeotaS: wood
(07:31 / Allies) angel-legna: go
(08:32 / Allies) WDupECzkE: obudz sie
(08:42 / Allies) SeotaS: ja ?
(09:15 / Allies) angel-legna: b
(09:15 / Allies) WDupECzkE: tp
(11:02 / Allies) angel-legna: gogo
(12:25 / Allies) angel-legna: wodo pls
(12:34 / Allies) angel-legna: wood pls
(12:44 / Allies) SeotaS: g
(12:46 / Allies) SeotaS: attack
(13:34 / Allies) angel-legna: w8 for us
(14:43 / Allies) angel-legna: b abit
(14:49 / Allies) angel-legna: move back
(14:52 / Allies) angel-legna: then attack
(15:19 / Allies) angel-legna: burrowed
(15:35 / Allies) SeotaS: b
(15:58 / Allies) SeotaS: b
(17:12 / Allies) angel-legna: red more units
(17:22 / Allies) angel-legna: tp all
(17:38 / Allies) SeotaS: come
(18:35 / Allies) WDupECzkE: gold pzl
(20:00 / Allies) angel-legna: repaur
(22:36 / Allies) angel-legna: wood pls
(22:45 / Allies) WDupECzkE: fast
(22:51 / Allies) angel-legna: w8 for us
(23:42 / Allies) angel-legna: b
(23:56 / Allies) SeotaS: lose
(27:38 / Allies) SeotaS: g?
(28:54 / Allies) angel-legna: sticik together
(29:48 / All) ZEUS2012: gg
(29:50 / All) FrEEsTyLeR21: nice play
(29:54 / All) FrEEsTyLeR21: gg